 Dungeon Crawl Stone Soup version 0.21.1-1-g345015f (webtiles) character file.

1816 teukkam the Grappler (level 8, 0/95 HPs)
             Began as a Troll Monk on June 7, 2018.
             Was a Follower of Uskayaw.
             Slain by an orc warrior
             ... wielding a +0 halberd
              (24 damage)
             ... on level 6 of the Dungeon on June 10, 2018.
             The game lasted 00:22:59 (3991 turns).

teukkam the Grappler (Troll Monk)                   Turns: 3991, Time: 00:23:00

Health: 0/95       AC:  6    Str: 22    XL:     8   Next: 85%
Magic:  7/7        EV: 10    Int: 10    God:    Uskayaw [*.....]
Gold:   155        SH:  0    Dex: 12    Spells: 7/7 levels left

rFire    . . .     SeeInvis .     - Unarmed
rCold    . . .     Gourm    +   (no shield)
rNeg     . . .     Faith    .   a - +0 robe
rPois    +         Spirit   .   (helmet restricted)
rElec    .         Reflect  .   w - +0 cloak
rCorr    .         Harm     +   (gloves unavailable)
MR       .....                  (boots unavailable)
Stlth    ++........             d - amulet of harm
HPRegen  0.65/turn              z - +4 ring of intelligence
MPRegen  0.10/turn              p - ring of poison resistance

@: no status effects
A: large, unfitting armour, claws 3, fast metabolism 3, gourmand, regeneration
1, robust 1, shaggy fur 1, tough skin 2, no potion heal 1
a: Stomp, Renounce Religion


You were on level 6 of the Dungeon.
You worshipped Uskayaw.
Uskayaw was noncommittal.
You were very full.

You visited 1 branch of the dungeon, and saw 6 of its levels.

You collected 155 gold pieces.

Inventory:

Hand Weapons
 l - a +0 dagger of venom
 v - a +2 quarterstaff of chaos
Missiles
 e - 24 poisoned needles
 h - 14 tomahawks (quivered)
Armour
 a - a +0 robe (worn)
 w - a +0 cloak (worn)
Magical Staves
 y - an uncursed staff of earth
Jewellery
 d - an amulet of harm (around neck)
 p - a ring of poison resistance (right claw)
 z - a +4 ring of intelligence (left claw)
Scrolls
 f - 2 scrolls of amnesia {unknown}
 g - 4 scrolls of identify {unknown}
 i - a scroll of fog {unknown}
 k - 4 scrolls of teleportation {unknown}
 n - 2 scrolls of random uselessness {unknown}
 o - a scroll of blinking {unknown}
 r - a scroll of immolation {unknown}
 t - 2 scrolls of noise {unknown}
 x - a scroll of magic mapping {unknown}
 A - a scroll of remove curse
Potions
 m - 2 potions of brilliance
 s - a potion of flight
Comestibles
 b - 15 rations


   Skills:
 + Level 7.2 Fighting
 - Level 2.4 Dodging
 - Level 1.0 Stealth
 + Level 8.7 Unarmed Combat


You had 7 spell levels left.
You didn't know any spells.

Dungeon Overview and Level Annotations

Branches:
Dungeon (6/15)
 Temple: D:4-7

Altars:
Ashenzari
Ru
Uskayaw
Vehumet

Annotations:
D:5 Jaiteiro's ghost, novice VSFi


Innate Abilities, Weirdness & Mutations

You are too large for most types of armour.
You have claws for hands.
Your metabolism is lightning-fast.
You like to eat raw meat.
Your natural rate of healing is unusually fast.
You are covered in fur. (AC +1)
You have very tough skin. (AC +2)
You are robust. (+10% HP)
Potions are less effective at restoring your health.


Message History

a dagger; an orc corpse You scratch the orc warrior but do no damage.
The orc hits you from afar with a trident.
You closely miss the orc warrior. The orc warrior closely misses you.
The orc hits you from afar with a trident.
You barely miss the orc warrior.
The orc warrior hits you with a halberd!
You scratch the orc warrior. Your claw misses the orc warrior.
The orc warrior is lightly wounded.
The orc closely misses you.
You barely miss the orc warrior.
The orc warrior is lightly wounded.
The orc warrior hits you with a halberd!
* * * LOW HITPOINT WARNING * * *
The orc misses you.
Okay, then.
Your system partially rejects the healing.
You feel better.
The orc warrior hits you with a halberd!!
You die...

...# #.##.# ...# #.##.#
...## #..#.# ....# ##.#.#
....##### #...# ........#
##### ##..# ........# #...
#..# ........#
###.####.##.#
........###.....@oo.#.##
..[......##.#...##o!#..#
###......##.#....# .##.##
#......##.#.#### ##..#
#......##.#.# ##.#
#......##.#.# #.#
#......##.#.# #.##
###.##.#..#.#.# #..#
.##.##.#<...#.#########รท.#


You could see an orc warrior and 2 orcs.

Vanquished Creatures
  Grinder (D:3)
  Sigmund (D:3)
  2 sky beasts (D:6)
  A necrophage (D:3)
  2 ogres
  A bullfrog (D:6)
  Blork the orc (D:4)
  5 killer bees (D:6)
  A howler monkey (D:4)
  2 bullfrog skeletons (D:4)
  2 hounds
  2 orc priests (D:4)
  Crazy Yiuf (D:2)
  Jessica (D:3)
  An iguana (D:6)
  Natasha (D:4)
  Terence (D:3)
  4 orc wizards
  3 worker ants
  Robin (D:4)
  A howler monkey skeleton (D:6)
  8 adders
  3 worms
  2 leopard geckos
  13 orcs
  7 bats
  3 giant cockroaches
  6 hobgoblins
  2 jackals (D:1)
  A quokka (D:2)
  5 frilled lizards
  17 goblins
  A jackal skeleton (D:3)
  A jackal zombie (D:6)
  5 kobolds
  A quokka skeleton (D:4)
  8 rats
118 creatures vanquished.

Notes
Turn   | Place    | Note
-------+----------+-------------------------------------------
     0 | D:1      | teukkam the Troll Monk began the quest for the Orb.
     0 | D:1      | Reached XP level 1. HP: 22/22 MP: 0/0
   129 | D:1      | Reached XP level 2. HP: 29/29 MP: 1/1
   175 | D:2      | Found a sacrificial altar of Ru.
   179 | D:2      | Reached XP level 3. HP: 37/37 MP: 2/2
   351 | D:2      | Reached skill level 4 in Unarmed Combat
   401 | D:2      | Found a radiant altar of Vehumet.
   452 | D:3      | Noticed a necrophage
   461 | D:3      | Killed a necrophage
   461 | D:3      | Reached XP level 4. HP: 40/47 MP: 3/3
   461 | D:3      | Reached XP level 5. HP: 45/53 MP: 4/4
   566 | D:3      | Found a faded altar of an unknown god.
   573 | D:3      | Became a worshipper of Uskayaw the Reveler
   573 | D:3      | Reached * piety under Uskayaw
   573 | D:3      | Reached ** piety under Uskayaw
   934 | D:2      | Found a runed door.
  1213 | D:3      | Noticed Grinder
  1214 | D:3      | Paralysed by Grinder for 4 turns
  1219 | D:3      | Gained mutation: Potions are less effective at restoring your health. [potion of mutation]
  1219 | D:3      | Gained mutation: You are robust. (+10% HP) [potion of mutation]
  1228 | D:3      | Killed Grinder
  1228 | D:3      | Reached skill level 5 in Unarmed Combat
  1228 | D:3      | Reached XP level 6. HP: 68/68 MP: 5/5
  1298 | D:3      | Noticed Sigmund
  1308 | D:3      | Killed Sigmund
  1308 | D:3      | Reached skill level 5 in Fighting
  1308 | D:3      | Reached skill level 6 in Unarmed Combat
  1308 | D:3      | Reached *** piety under Uskayaw
  1379 | D:3      | Reached XP level 7. HP: 78/78 MP: 6/6
  1436 | D:3      | Noticed Jessica
  1438 | D:3      | Noticed Terence
  1442 | D:3      | Killed Jessica
  1448 | D:3      | Killed Terence
  2013 | D:4      | Noticed Robin
  2033 | D:4      | Killed Robin
  2199 | D:4      | Noticed Natasha
  2202 | D:4      | Killed Natasha
  2437 | D:2      | Noticed Crazy Yiuf
  2440 | D:2      | Killed Crazy Yiuf
  3065 | D:4      | Reached skill level 7 in Unarmed Combat
  3086 | D:4      | Reached XP level 8. HP: 66/90 MP: 7/7
  3122 | D:4      | Noticed Blork the orc
  3138 | D:4      | Killed Blork the orc
  3283 | D:5      | Entered Level 5 of the Dungeon
  3327 | D:5      | Noticed Jaiteiro's ghost (novice VSFi)
  3580 | D:6      | Reached skill level 8 in Unarmed Combat
  3592 | D:6      | Reached **** piety under Uskayaw
  3611 | D:6      | Found a shattered altar of Ashenzari.
  3991 | D:6      | Slain by an orc warrior

Skill      XL: |  1  2  3  4  5  6  7  8 |
---------------+-------------------------+-----
Fighting       | 3 4 5 6 7 |  7.2
Unarmed Combat | 4 5 6 7 8 |  8.7
Dodging        | |  2.4
Stealth        | |  1.0

Action                   |  1- 3 |  4- 6 |  7- 9 || total
-------------------------+-------+-------+-------++-------
Melee: Unarmed           |    36 |    69 |   170 ||   275
       Punch             |     1 |     1 |     9 ||    11
Throw: Tomahawk          |     4 |     3 |    17 ||    24
Invok: Line Pass         |       |       |     2 ||     2
  Use: Scroll            |     1 |       |       ||     1
       Potion            |       |     4 |     5 ||     9
 Stab: Paralysed         |     1 |       |     2 ||     3
       Sleeping          |       |     2 |     2 ||     4
       Confused          |       |       |     1 ||     1
  Eat: Chunk             |    10 |     8 |    24 ||    42
Armor: Robe              |    12 |    26 |    44 ||    82
       Skin              |       |     1 |       ||     1
Dodge: Dodged            |    14 |    43 |    70 ||   127
